 Dungeon Crawl Stone Soup version 0.22.1-1-ga44c0e5 (webtiles) character file.

123 Velaskes the Skirmisher (level 4, 0/37 HPs)
             Began as a Demonspawn Abyssal Knight on Oct 30, 2018.
             Was a Believer of Lugonu.
             Slain by a gnoll
             ... wielding a +0 club
              (1 damage)
             ... on level 3 of the Dungeon.
             The game lasted 00:09:50 (2344 turns).

Velaskes the Skirmisher (Demonspawn Abyssal Knight) Turns: 2344, Time: 00:09:51

Health: 0/37       AC: 10    Str: 13    XL:     4   Next: 79%
Magic:  5/5        EV:  6    Int: 13    God:    Lugonu [**....]
Gold:   122        SH:  0    Dex: 13    Spells: 3/3 levels left

rFire    . . .     SeeInvis .   e - +0 mace (protect)
rCold    . . .     Gourm    .   (no shield)
rNeg     . . .     Faith    .   g - +0 chain mail
rPois    .         Spirit   .   (no helmet)
rElec    .         Reflect  .   i - +0 cloak
rCorr    .         Harm     .   (no gloves)
MR       .....                  (no boots)
Stlth    ..........             p - amulet of rage
HPRegen  0.12/turn              (no ring)
MPRegen  0.09/turn              (no ring)

@: lethally poisoned (0 -> 0), marked, flying, glowing
A: claws 1
a: Depart the Abyss, Bend Space, Renounce Religion, Evoke Berserk Rage


You were on level 3 of the Dungeon.
You worshipped Lugonu.
Lugonu was pleased with you.
You were not hungry.

You visited 1 branch of the dungeon, and saw 4 of its levels.
You visited the Abyss 1 time.

You collected 122 gold pieces.

Inventory:

Hand Weapons
 a - a +1 mace
 e - a +0 mace of protection (weapon)
Armour
 b - a +0 leather armour
 g - a +0 chain mail (worn)
 i - a +0 cloak (worn)
Jewellery
 p - an amulet of rage (around neck)
Scrolls
 j - a scroll of identify
 m - a scroll of remove curse
Potions
 d - a potion of ambrosia {unknown}
 h - 3 potions of degeneration {unknown}
 n - a potion of curing {unknown}
 o - a potion of haste {unknown}
Comestibles
 c - 5 rations


   Skills:
 + Level 3.7 Fighting
 + Level 2.7 Maces & Flails
 + Level 3.1 Armour
 + Level 1.5 Dodging
 + Level 2.5 Invocations


You had 3 spell levels left.
You didn't know any spells.
Your spell library was empty.

Dungeon Overview and Level Annotations

Branches:
Dungeon (4/15)
 Temple: D:4-7

Altars:


Innate Abilities, Weirdness & Mutations

You have sharp fingernails.


Message History

You hear an angry hiss.
You hear a shout!
You hear a bark! x3
The gnoll hits you but does no damage.
Something unseen opens the door.
The gnoll shaman calls upon its god to speed up the gnoll.
The gnoll seems to speed up.
A gnoll comes into view. It is wielding a club.
The gnoll barely misses you. The gnoll hits you but does no damage.
The gnoll shaman calls upon its god to speed up the gnoll.
The gnoll seems to speed up.
A gnoll comes into view.
The gnoll shaman calls upon its god to speed up the gnoll shaman.
The gnoll shaman seems to speed up.
A gnoll comes into view. It is wielding a spear.
You feel sick. The gnoll hits you with a club.
* * * LOW HITPOINT WARNING * * *
Something unseen opens the door. 4 gnolls come into view.
The gnoll hits you.
* * * LOW HITPOINT WARNING * * *
The gnoll hits you but does no damage. The gnoll hits you with a club.
You die...

. ≈≈≈ / ≈≈ ####
#...
...#############
#g#...........#
#gg.O.g..#.##.#
#.@g.gg..#.g.
#'####'g######
#g #..g... #.
.+..g..... #g#
#...g..... #g
)#.........
#g#+##########
#'


You could see an ogre, 3 gnoll shamans and 9 gnolls.

Vanquished Creatures
  A hound (D:2)
  A centaur skeleton (D:2)
  An adder (D:2)
  An ooze (D:1)
  A worm (D:2)
  A dart slug (D:1)
  3 leopard geckos
  4 bats
  4 giant cockroaches
  4 goblins
  A hobgoblin (D:2)
  9 jackals
  4 kobolds
  A quokka (D:2)
  A ball python (D:1)
  3 frilled lizards
  2 rats (D:1)
42 creatures vanquished.

Notes
Turn   | Place    | Note
-------+----------+-------------------------------------------
     0 | Abyss:1  | Velaskes the Demonspawn Abyssal Knight began the quest for
                  | the Orb.
     0 | Abyss:1  | Reached XP level 1. HP: 18/18 MP: 2/2
    51 | D:1      | Escaped the Abyss
   147 | D:1      | Gained mutation: You have sharp fingernails. [demonic
                  | ancestry]
   147 | D:1      | Reached XP level 2. HP: 16/24 MP: 3/3
   149 | D:1      | Reached skill level 1 in Dodging
   965 | D:2      | Reached XP level 3. HP: 28/29 MP: 4/4
   996 | D:2      | Reached ** piety under Lugonu
  1033 | D:2      | Reached XP level 4. HP: 9/37 MP: 5/5
  2314 | D:4      | Noticed an ogre
  2337 | D:3      | Noticed an ogre
  2344 | D:3      | HP: 1/37 [gnoll (4)]
  2344 | D:3      | Slain by a gnoll

Skill      XL: |  1  2  3  4 |
---------------+-------------+-----
Armour         | 2 3 |  3.1
Dodging        | 1 |  1.5
Maces & Flails | 2 |  2.7
Fighting       | |  3.7
Invocations    | |  2.5

Action                   |  1- 3 |  4- 6 || total
-------------------------+-------+-------++-------
Melee: Mace              |    80 |   106 ||   186
Invok: Bend Space        |     1 |       ||     1
  Use: Scroll            |     3 |     3 ||     6
       Potion            |       |     1 ||     1
  Eat: Ration            |       |     2 ||     2
Armor: Leather armour    |     7 |       ||     7
       Chain mail        |    61 |   170 ||   231
Dodge: Dodged            |    40 |    62 ||   102
